 Dungeon Crawl Stone Soup version 0.29.1-12-g30fa7ad0bf (webtiles) character file.

Game seed: 11157284256747049972

72256 xzight the Thaumaturge (level 15, -31/117 (119) HPs)
             Began as a Gnoll Warper on Dec 28, 2022.
             Was an Initiate of Gozag.
             Killed from afar by Jorgrun (54 damage)
             ... with an iron shot
             ... on level 1 of the Orcish Mines.
             The game lasted 01:09:21 (30695 turns).

xzight the Thaumaturge (Gnoll Warper)              Turns: 30695, Time: 01:09:22

HP:   -31/117 (119) AC: 27    Str: 12    XL:     15   Next: 39%
MP:   19/30         EV: 12    Int: 20    God:    Gozag
Gold: 4834          SH: 17    Dex: 17    Spells: 14/37 levels left

rFire   + . .      SeeInvis +   a - +7 spear of the Onslaught {elec, Dex+5}
rCold   + . .      Faith    .   j - +0 kite shield
rNeg    + . .      Spirit   .   E - +5 ring mail of Amorality {rF+ rC+ Will+ Stlth+}
rPois   .          Reflect  +   o - +3 crown of Dyrovepreva {rElec Int+2 SInv}
rElec   +          Harm     .   O - +0 cloak
rCorr   .          Rampage  .   X - +1 pair of gloves
Will    ++...                   G - +1 pair of boots
Stlth   +++++.....              W - amulet of reflection
HPRegen 0.29/turn               L - ring of flight
MPRegen 0.22/turn               N - ring of positive energy

@: ice-armoured, grasped by roots, flying, constricted, lightly drained
A: fangs 1, strong nose, distributed training
a: Renounce Religion, Potion Petition, Call Merchant, Bribe Branch


You were on level 1 of the Orcish Mines.
You worshipped Gozag.
Gozag was most pleased with you.
You visited 4 branches of the dungeon, and saw 23 of its levels.
You also visited: Sewer and Gauntlet.

You collected 5672 gold pieces.
You spent 642 gold pieces at shops.
You paid 196 gold pieces to Gozag.


Innate Abilities, Weirdness & Mutations

You have very sharp teeth.
Your uncanny sense of smell can sniff out nearby items.
Your experience applies equally to all skills.


   Skills:
 + Level 11.3 Fighting
 + Level 10.4 Short Blades
 + Level 10.4 Long Blades
 + Level 10.4 Axes
 + Level 11.3 Maces & Flails
 + Level 10.4 Polearms
 + Level 10.4 Staves
 + Level 10.4 Ranged Weapons
 + Level 10.7 Throwing
 + Level 10.7 Armour
 + Level 11.3 Dodging
 + Level 10.4 Stealth
 + Level 10.4 Shields
 + Level 10.4 Unarmed Combat
 + Level 11.5 Spellcasting
 + Level 8.7 Conjurations
 + Level 8.7 Hexes
 + Level 8.7 Summonings
 + Level 8.7 Necromancy
 + Level 10.3 Translocations
 + Level 8.7 Transmutations
 + Level 8.7 Fire Magic
 + Level 8.7 Ice Magic
 + Level 8.7 Air Magic
 + Level 8.7 Earth Magic
 + Level 8.7 Poison Magic
 + Level 11.3 Invocations
 + Level 10.4 Evocations


You had 14 spell levels left.
You knew the following spells:

 Your Spells              Type           Power      Damage    Failure   Level
a - Blink                 Tloc           100%       N/A       1%          2
b - Stone Arrow           Conj/Erth      92%        3d12      1%          3
c - Gell's Gravitas       Tloc           52%        N/A       1%          3
d - Teleport Other        Tloc           52%        N/A       1%          3
e - Ozocubu's Armour      Ice            46%        N/A       1%          3
f - Passage of Golubria   Tloc           52%        N/A       3%          4
g - Manifold Assault      Tloc           52%        N/A       10%         5

Your spell library contained the following spells:

 Spells                   Type           Power      Damage    Failure   Level
 Magic Dart               Conj           100%       1d8       1%          1
 Necrotise                Necr           100%       1d9       1%          1
 Sandblast                Erth           92%        2d19      1%          1
 Slow                     Hex            100%       N/A       1%          1
 Call Imp                 Summ           46%        N/A       1%          2
 Passwall                 Tmut/Erth      38%        N/A       1%          2
 Sublimation of Blood     Necr           46%        N/A       1%          2
 Confusing Touch          Hex            46%        N/A       1%          3
 Ignite Poison            Fire/Tmut/Pois 46%        N/A       1%          3
 Lesser Beckoning         Tloc           52%        N/A       1%          3
 Mephitic Cloud           Conj/Pois/Air  46%        N/A       1%          3
 Vampiric Draining        Necr           46%        2d9       1%          3
 Petrify                  Tmut/Erth      46%        N/A       7%          4
 Agony                    Necr           46%        N/A       19%         5
 Freezing Cloud           Conj/Ice/Air   23%        6-21      19%         5
 Irradiate                Conj/Tmut      23%        3d19      19%         5
 Metabolic Englaciation   Hex/Ice        23%        N/A       19%         5
 Silence                  Hex/Air        23%        N/A       19%         5
 Lehudib's Crystal Spear  Conj/Erth      23%        10d6      100%        8
 Simulacrum               Ice/Necr       Unusable   N/A       N/A         6

Inventory:

Hand Weapons
 a - the +7 spear of the Onslaught (weapon) {elec, Dex+5}
   (You found it on level 6 of the Dungeon)

   It occasionally discharges a powerful burst of electricity upon striking a
   foe.
   Dex:       It affects your dexterity (+5).
 b - the +3 mace of Anger {vorpal, rElec Int+4}
   (You found it on level 2 of the Dungeon)

   It inflicts extra damage upon your enemies.
   Int:       It affects your intelligence (+4).
   rElec:     It insulates you from electricity.
Missiles
 d - 7 boomerangs of dispersal {=f}
 i - 2 boomerangs
 B - 12 poisoned darts
 H - 3 throwing nets {=f}
 I - 6 javelins
Armour
 j - a +0 kite shield (worn)
 o - the +3 crown of Dyrovepreva (worn) {rElec Int+2 SInv}
   (You found it on level 1 of the Lair of Beasts)

   Int:       It affects your intelligence (+2).
   rElec:     It insulates you from electricity.
   SInv:      It lets you see invisible.
 E - the +5 ring mail of Amorality (worn) {rF+ rC+ Will+ Stlth+}
   (You bought it in a shop on level 1 of the Orcish Mines)

   rF:        It protects you from fire.
   rC:        It protects you from cold.
   Will:      It increases your willpower.
   Stlth:     It makes you more stealthy.
 G - a +1 pair of boots (worn)
 O - a +0 cloak (worn)
 X - a +1 pair of gloves (worn)
Jewellery
 c - a ring of ice
 v - the ring of Lehon {+Blink Str-4 Int+6 Dex+2}
   (You found it on level 8 of the Dungeon)

   [ring of intelligence]

   Str:       It affects your strength (-4).
   Int:       It affects your intelligence (+6).
   Dex:       It affects your dexterity (+2).
   +Blink:    It lets you blink.
 y - an amulet of guardian spirit
 F - a ring of fire
 L - a ring of flight (left hand)
 N - a ring of positive energy (right hand)
 W - an amulet of reflection (around neck)
Wands
 f - a wand of paralysis (4)
 p - a wand of digging (12)
 C - a wand of light (2)
 K - a wand of flame (22)
 U - a wand of polymorph (6)
Scrolls
 g - 2 scrolls of brand weapon
 h - 4 scrolls of teleportation {@r2}
 k - 4 scrolls of immolation
 l - a scroll of summoning
 s - 7 scrolls of fog
 x - 2 scrolls of silence {!r}
 D - 3 scrolls of poison
 M - a scroll of vulnerability
 P - a scroll of amnesia
 R - 4 scrolls of identify {@r1}
 Y - a scroll of enchant weapon
 Z - 3 scrolls of magic mapping
Potions
 e - 15 potions of curing {@q1}
 q - 4 potions of mutation
 r - 3 potions of haste {@q3}
 t - 2 potions of attraction
 u - 3 potions of cancellation
 w - 7 potions of brilliance
 z - 3 potions of might
 A - a potion of lignification {unknown}
 J - a potion of magic {unknown}
 Q - a potion of invisibility {unknown}
 S - 2 potions of resistance
 T - a potion of ambrosia {unknown}
 V - 2 potions of flight {unknown}
Miscellaneous
 n - a phantom mirror

Dungeon Overview and Level Annotations

Branches:
Dungeon (15/15)            Temple (1/1) D:7            Lair (5/5) D:9
 Shoals (0/4) Lair:2        Snake (0/4) Lair:2        Slime (0/5) Lair:4
    Orc (2/2) D:12         Vaults (0/5) D:14          Sewer (visited)
Gauntlet (visited)
    Elf: Orc:2       Depths: D:15

Altars:
Ashenzari
Cheibriados
Dithmenos
Elyvilon
Fedhas
Gozag
Hepliaklqana
Kikubaaqudgha
Makhleb
Nemelex Xobeh
Okawaru
Qazlal
Ru
Sif Muna
Trog
Uskayaw
Vehumet
Wu Jian
Xom
Yredelemnul
Zin
The Shining One
Jiyva

Shops:
Orc:1 [

Annotations:
D:5 exclusion: upstairs
D:7 1 runed translucent door, Crazy Yiuf
D:8 2 transporters, Squincus's ghost, novice MiHu
D:10 exclusion: orange crystal statue, Erolcha
Orc:1 Jorgrun

######.##......#..[......#.##
##.#.......................#
#..........##.<>........#.##
#..........##).........#####
##...................#...###
##..........................##
#............................#
#...........................##
#...........[@).............##
#...........g)...............#
#.........................#.##
#...................##.#...##
#...................##.##.##
##....#............##...#.##
#.....#...........##...#...#
##...............#.##.###.##
###.....#..........##.#.##


You could see Jorgrun.


Message History

You barely miss Jorgrun.
Jorgrun is heavily wounded.
Jorgrun points at you and mumbles some strange words.
You easily resist.
The grasping roots constrict you!
Your magical contamination has completely faded away.
You puncture Jorgrun! Lightning courses through Jorgrun!
You bite Jorgrun, but do no damage.
Jorgrun is severely wounded.
You barely miss Jorgrun.
Jorgrun is severely wounded.
You block Jorgrun's attack. The grasping roots constrict you!
* * * LOW HITPOINT WARNING * * *
You puncture Jorgrun! Your bite misses Jorgrun.
Jorgrun is severely wounded.
You block Jorgrun's attack. The grasping roots constrict you!
* * * LOW HITPOINT WARNING * * *
You closely miss Jorgrun.
Jorgrun is severely wounded.
You closely miss Jorgrun.
Jorgrun is severely wounded.
Jorgrun hits you with a +0 vorpal quarterstaff!
* * * LOW HITPOINT WARNING * * *
x2 The grasping roots constrict you!
* * * LOW HITPOINT WARNING * * *
You puncture Jorgrun!
Jorgrun is severely wounded.
Jorgrun gestures at you while chanting. The iron shot hits you!!!
You die...
Your body crumbles into a pile of gold.

Skill      XL: |  1  2  3  4  5  6  7  8  9 10 11 12 13 14 15 |
---------------+----------------------------------------------+-----
Spellcasting   | 5 6 7 8 9 10 11 | 11.5
Invocations    | 1 2 3 4 5 6 7 8 9 10 11 | 11.3
Short Blades   | 1 2 3 4 5 6 7 8 9 10 | 10.4
Long Blades    | 1 2 3 4 5 6 7 8 9 10 | 10.4
Axes           | 1 2 3 4 5 6 7 8 9 10 | 10.4
Polearms       | 1 2 3 4 5 6 7 8 9 10 | 10.4
Staves         | 1 2 3 4 5 6 7 8 9 10 | 10.4
Ranged Weapons | 1 2 3 4 5 6 7 8 9 10 | 10.4
Stealth        | 1 2 3 4 5 6 7 8 9 10 | 10.4
Shields        | 1 2 3 4 5 6 7 8 9 10 | 10.4
Unarmed Combat | 1 2 3 4 5 6 7 8 9 10 | 10.4
Evocations     | 1 2 3 4 5 6 7 8 9 10 | 10.4
Conjurations   | 1 2 3 4 5 6 7 8 |  8.7
Hexes          | 1 2 3 4 5 6 7 8 |  8.7
Summonings     | 1 2 3 4 5 6 7 8 |  8.7
Necromancy     | 1 2 3 4 5 6 7 8 |  8.7
Transmutations | 1 2 3 4 5 6 7 8 |  8.7
Fire Magic     | 1 2 3 4 5 6 7 8 |  8.7
Ice Magic      | 1 2 3 4 5 6 7 8 |  8.7
Air Magic      | 1 2 3 4 5 6 7 8 |  8.7
Earth Magic    | 1 2 3 4 5 6 7 8 |  8.7
Poison Magic   | 1 2 3 4 5 6 7 8 |  8.7
Throwing       | 3 4 5 6 7 8 9 10 | 10.7
Armour         | 3 4 5 6 7 8 9 10 | 10.7
Fighting       | 5 6 7 8 9 10 11 | 11.3
Maces & Flails | 5 6 7 8 9 10 11 | 11.3
Dodging        | 5 6 7 8 9 10 11 | 11.3
Translocations | 6 7 8 9 10 | 10.3

Action                   |  1- 3 |  4- 6 |  7- 9 | 10-12 | 13-15 || total
-------------------------+-------+-------+-------+-------+-------++-------
Melee: Mace              |    95 |   145 |   126 |       |       ||   366
       Bite              |     9 |    12 |    37 |   100 |   214 ||   372
       Punch             |     2 |       |       |       |       ||     2
       Spear             |       |       |   168 |   740 |  1274 ||  2182
Throw: Dart              |       |       |    11 |       |       ||    11
       Boomerang         |       |       |       |    56 |       ||    56
 Cast: Blink             |       |       |     1 |     1 |    11 ||    13
       Stone Arrow       |       |       |       |       |   104 ||   104
       Ozocubu's Armour  |       |       |       |       |    19 ||    19
       Gell's Gravitas   |       |       |       |       |     2 ||     2
       Manifold Assault  |       |       |       |       |     1 ||     1
Evoke: Phantom mirror    |       |     1 |     1 |     2 |     1 ||     5
       Wand              |       |       |       |    13 |     4 ||    17
  Use: Potion            |       |     1 |     2 |       |     6 ||     9
       Scroll            |       |     6 |     2 |    13 |     8 ||    29
 Stab: Sleeping          |       |       |     7 |     7 |    16 ||    30
       Distracted        |       |       |     1 |     5 |     4 ||    10
       Invisible         |       |       |       |     2 |       ||     2
       Petrifying        |       |       |       |       |     1 ||     1
       Paralysed         |       |       |       |       |     1 ||     1
Armor: Leather armour    |    17 |       |       |       |       ||    17
       Ring mail         |    14 |    89 |    86 |   151 |   202 ||   542
       Skin              |       |       |       |     9 |       ||     9
Dodge: Dodged            |    41 |    73 |   108 |   223 |   269 ||   714
Block: Kite shield       |     2 |    70 |   119 |   299 |   602 ||  1092
       Reflection        |       |       |       |       |     2 ||     2

Levels and vault maps discovered:
D:1:      minmay_arrival_arboretum_small, layout_basic, minmay_heptomino_o4
D:2:      layout_basic, serial_corexii_hall, corexii_hall_statues_i,
          chequers_hall_statues_wall_a
D:3:      layout_loops_ring, portal_sewer_entry_b,
          minmay_randomly_rotated_circles
D:4:      layout_rooms, kennysheep_mini, minmay_gold_behind_fungi,
          serial_park_tiny_1, hangedman_decor_opposing, st_stairs_14,
          minmay_strange_pillars, chequers_garden
D:5:      layout_rooms, nicolae_overflow_two_pavilions, dreamdust_gnoll_farm
D:6:      layout_basic, dk_vineyard_2, uniq_sigmund
D:7:      minmay_angry_zag, layout_basic, minmay_temple_entry_stoned_glass,
          uniq_maggie, uniq_crazy_yiuf_cottage
D:8:      layout_basic, gammafunk_ghost_wrathful_warriors
D:9:      layout_basic, lair_entry_dummy, kennysheep_generic_room_11,
          uniq_amaemon
D:10:     layout_layer_cave, disabler_island, uniq_psyche, uniq_erolcha,
          uniq_joseph
D:11:     layout_basic
D:12:     layout_loops_ring, orc_0_dummy, uniq_josephine, uniq_rupert,
          uniq_lodul
D:13:     layout_loops_ring, uniq_sonja
D:14:     layout_basic, ximxim_vaults_locker_room, minmay_stone_trees_medium
D:15:     gammafunk_depths_entry_grave, layout_irregular_city,
          minmay_misc_feat_diagonals, dreamdust_princess_bridge, uniq_louise
Temple:   hellmonk_temple_divided_pantheon
Lair:1:   layout_misc_corridors, grunt_megastairs_4
Lair:2:   layout_cave_shapes, shoals_dummy_entry,
          minmay_snake_entry_guardpost_medium, grunt_megastairs_3
Lair:3:   layout_loops_ring, gauntlet_entry_generic
Lair:4:   wander_river, layout_regular_city, dpeg_slime_entry_corner,
          nzn_masters_of_martial_movement, grunt_megastairs_2,
          infiniplex_staircase_pool, serial_bayou_shore_a
Lair:5:   hangedman_lair_in_review, layout_misc_corridors
Orc:1:    layout_caves, serial_shops, shop, uniq_gastronok
Orc:2:    grunt_orc_gardens, layout_diamond_mine, grunt_orc_garden,
          grunt_orc_garden, grunt_orc_garden, grunt_orc_garden, uniq_jorgrun,
          uniq_azrael

Notes
Turn   | Place    | Note
-------+----------+-------------------------------------------
     0 | D:1      | xzight the Gnoll Warper began the quest for the Orb.
     0 | D:1      | Reached XP level 1. HP: 20/20 MP: 6/6
   233 | D:1      | Reached XP level 2. HP: 26/26 MP: 7/7
   712 | D:1      | Reached skill level 5 in Spellcasting
   712 | D:1      | Reached XP level 3. HP: 31/31 MP: 7/9
  1055 | D:2      | Identified the +3 mace of Anger {vorpal, rElec Int+4}
  1074 | D:2      | Reached skill level 1 in Invocations
  1352 | D:2      | Reached skill level 1 in Short Blades
  1352 | D:2      | Reached skill level 1 in Long Blades
  1352 | D:2      | Reached skill level 1 in Axes
  1352 | D:2      | Reached skill level 1 in Polearms
  1352 | D:2      | Reached skill level 1 in Staves
  1352 | D:2      | Reached skill level 1 in Ranged Weapons
  1352 | D:2      | Reached skill level 1 in Stealth
  1352 | D:2      | Reached skill level 1 in Shields
  1352 | D:2      | Reached skill level 1 in Unarmed Combat
  1352 | D:2      | Reached skill level 1 in Evocations
  1704 | D:2      | Reached XP level 4. HP: 38/38 MP: 11/11
  1828 | D:3      | Learned a level 2 spell: Blink
  1881 | D:3      | Found a glowing drain.
  1931 | Sewer    | Entered a sewer
  2153 | Sewer    | Reached skill level 1 in Conjurations
  2153 | Sewer    | Reached skill level 1 in Hexes
  2153 | Sewer    | Reached skill level 1 in Summonings
  2153 | Sewer    | Reached skill level 1 in Necromancy
  2153 | Sewer    | Reached skill level 1 in Transmutations
  2153 | Sewer    | Reached skill level 1 in Fire Magic
  2153 | Sewer    | Reached skill level 1 in Ice Magic
  2153 | Sewer    | Reached skill level 1 in Air Magic
  2153 | Sewer    | Reached skill level 1 in Earth Magic
  2153 | Sewer    | Reached skill level 1 in Poison Magic
  2293 | Sewer    | Noticed a bullfrog
  2297 | Sewer    | Killed a bullfrog
  2298 | Sewer    | Reached skill level 3 in Throwing
  2298 | Sewer    | Reached skill level 3 in Armour
  2298 | Sewer    | Reached XP level 5. HP: 43/43 MP: 12/12
  3354 | D:4      | Reached skill level 5 in Fighting
  3354 | D:4      | Reached skill level 5 in Maces & Flails
  3354 | D:4      | Reached skill level 5 in Dodging
  3354 | D:4      | Reached skill level 2 in Invocations
  3354 | D:4      | Reached XP level 6. HP: 15/51 MP: 11/14
  3721 | D:4      | Found a basalt altar of Yredelemnul.
  3751 | D:4      | Noticed a black bear
  3827 | D:4      | Killed a black bear
  3828 | D:4      | Reached skill level 2 in Short Blades
  3828 | D:4      | Reached skill level 2 in Long Blades
  3828 | D:4      | Reached skill level 2 in Axes
  3828 | D:4      | Reached skill level 2 in Polearms
  3828 | D:4      | Reached skill level 2 in Staves
  3828 | D:4      | Reached skill level 2 in Ranged Weapons
  3828 | D:4      | Reached skill level 2 in Stealth
  3828 | D:4      | Reached skill level 2 in Shields
  3828 | D:4      | Reached skill level 2 in Unarmed Combat
  3828 | D:4      | Reached skill level 2 in Evocations
  4056 | D:5      | Entered Level 5 of the Dungeon
  4126 | D:5      | Found a bloodstained altar of Trog.
  4126 | D:5      | Found a stormy altar of Qazlal.
  4145 | D:5      | Reached skill level 2 in Conjurations
  4145 | D:5      | Reached skill level 2 in Hexes
  4145 | D:5      | Reached skill level 2 in Summonings
  4145 | D:5      | Reached skill level 2 in Necromancy
  4145 | D:5      | Reached skill level 2 in Transmutations
  4145 | D:5      | Reached skill level 2 in Fire Magic
  4145 | D:5      | Reached skill level 2 in Ice Magic
  4145 | D:5      | Reached skill level 2 in Air Magic
  4145 | D:5      | Reached skill level 2 in Earth Magic
  4145 | D:5      | Reached skill level 2 in Poison Magic
  4145 | D:5      | Reached XP level 7. HP: 54/56 MP: 13/15
  4630 | D:5      | Reached skill level 3 in Invocations
  4920 | D:5      | Reached skill level 6 in Translocations
  4935 | D:5      | Reached skill level 4 in Throwing
  4935 | D:5      | Reached skill level 4 in Armour
  5104 | D:4      | Reached skill level 3 in Short Blades
  5104 | D:4      | Reached skill level 3 in Long Blades
  5104 | D:4      | Reached skill level 3 in Axes
  5104 | D:4      | Reached skill level 3 in Polearms
  5104 | D:4      | Reached skill level 3 in Staves
  5104 | D:4      | Reached skill level 3 in Ranged Weapons
  5104 | D:4      | Reached skill level 3 in Stealth
  5104 | D:4      | Reached skill level 3 in Shields
  5104 | D:4      | Reached skill level 3 in Unarmed Combat
  5104 | D:4      | Reached skill level 3 in Evocations
  5104 | D:4      | Reached XP level 8. HP: 32/63 MP: 8/16
  5308 | D:5      | Reached skill level 6 in Spellcasting
  5330 | D:5      | Identified the +7 dagger "Juytuf" {flame, Will+}
  5881 | D:6      | Identified the +7 spear of the Onslaught {elec, Dex+5}
  6246 | D:6      | Reached skill level 3 in Conjurations
  6246 | D:6      | Reached skill level 3 in Hexes
  6246 | D:6      | Reached skill level 3 in Summonings
  6246 | D:6      | Reached skill level 3 in Necromancy
  6246 | D:6      | Reached skill level 3 in Transmutations
  6246 | D:6      | Reached skill level 3 in Fire Magic
  6246 | D:6      | Reached skill level 3 in Ice Magic
  6246 | D:6      | Reached skill level 3 in Air Magic
  6246 | D:6      | Reached skill level 3 in Earth Magic
  6246 | D:6      | Reached skill level 3 in Poison Magic
  6246 | D:6      | Reached skill level 4 in Invocations
  6352 | D:6      | Noticed Sigmund
  6789 | D:6      | Killed Sigmund
  6790 | D:6      | Reached skill level 6 in Fighting
  6790 | D:6      | Reached skill level 6 in Maces & Flails
  6790 | D:6      | Reached skill level 6 in Dodging
  6833 | D:7      | Noticed a wyvern
  6839 | D:7      | Killed a wyvern
  6840 | D:7      | Reached skill level 4 in Short Blades
  6840 | D:7      | Reached skill level 4 in Long Blades
  6840 | D:7      | Reached skill level 4 in Axes
  6840 | D:7      | Reached skill level 4 in Polearms
  6840 | D:7      | Reached skill level 4 in Staves
  6840 | D:7      | Reached skill level 4 in Ranged Weapons
  6840 | D:7      | Reached skill level 4 in Stealth
  6840 | D:7      | Reached skill level 4 in Shields
  6840 | D:7      | Reached skill level 4 in Unarmed Combat
  6840 | D:7      | Reached skill level 4 in Evocations
  6840 | D:7      | Reached XP level 9. HP: 63/69 MP: 15/18
  6959 | D:7      | Noticed Maggie
  6979 | D:7      | Killed Maggie
  6980 | D:7      | Reached skill level 5 in Throwing
  6980 | D:7      | Reached skill level 5 in Armour
  7500 | D:7      | Found a staircase to the Ecumenical Temple.
  7528 | D:7      | Reached skill level 5 in Invocations
  7558 | D:7      | Reached skill level 7 in Spellcasting
  7580 | D:7      | Reached skill level 4 in Conjurations
  7580 | D:7      | Reached skill level 4 in Hexes
  7580 | D:7      | Reached skill level 4 in Summonings
  7580 | D:7      | Reached skill level 4 in Necromancy
  7580 | D:7      | Reached skill level 4 in Transmutations
  7580 | D:7      | Reached skill level 4 in Fire Magic
  7580 | D:7      | Reached skill level 4 in Ice Magic
  7580 | D:7      | Reached skill level 4 in Air Magic
  7580 | D:7      | Reached skill level 4 in Earth Magic
  7580 | D:7      | Reached skill level 4 in Poison Magic
  7889 | Temple   | Entered the Ecumenical Temple
  7889 | Temple   | Found a transporter.
  7889 | Temple   | Found a transporter.
  7891 | Temple   | Found a transporter.
  7891 | Temple   | Found a transporter.
  7912 | Temple   | Became a worshipper of Gozag Ym Sagoz the Greedy
  8025 | D:7      | Found a runed translucent door.
  8026 | D:7      | Noticed Crazy Yiuf
  8349 | D:8      | Reached skill level 5 in Short Blades
  8349 | D:8      | Reached skill level 5 in Long Blades
  8349 | D:8      | Reached skill level 5 in Axes
  8349 | D:8      | Reached skill level 5 in Polearms
  8349 | D:8      | Reached skill level 5 in Staves
  8349 | D:8      | Reached skill level 5 in Ranged Weapons
  8349 | D:8      | Reached skill level 5 in Stealth
  8349 | D:8      | Reached skill level 5 in Shields
  8349 | D:8      | Reached skill level 5 in Unarmed Combat
  8349 | D:8      | Reached skill level 5 in Evocations
  8349 | D:8      | Reached XP level 10. HP: 69/77 MP: 17/20
  8437 | D:8      | Reached skill level 7 in Translocations
  8625 | D:8      | Identified the ring of Lehon {+Blink Str-4 Int+6 Dex+2}
  8686 | D:8      | Reached skill level 7 in Fighting
  8686 | D:8      | Reached skill level 7 in Maces & Flails
  8686 | D:8      | Reached skill level 7 in Dodging
  8920 | D:8      | Found a transporter.
  8930 | D:8      | Found a transporter.
  8932 | D:8      | Noticed a moth of wrath
  8934 | D:8      | Noticed Squincus's ghost (novice MiHu)
  8944 | D:8      | Found a bloodstained altar of Trog.
  9116 | D:8      | Noticed a two-headed ogre
  9121 | D:8      | Killed a two-headed ogre
  9122 | D:8      | Reached skill level 6 in Throwing
  9122 | D:8      | Reached skill level 6 in Armour
  9122 | D:8      | Reached skill level 6 in Invocations
  9211 | D:9      | Noticed an orange demon
  9272 | D:9      | Killed an orange demon
  9273 | D:9      | Noticed Amaemon
  9561 | D:9      | Killed Amaemon
  9603 | D:9      | Reached skill level 6 in Short Blades
  9603 | D:9      | Reached skill level 6 in Long Blades
  9603 | D:9      | Reached skill level 6 in Axes
  9603 | D:9      | Reached skill level 6 in Polearms
  9603 | D:9      | Reached skill level 6 in Staves
  9603 | D:9      | Reached skill level 6 in Ranged Weapons
  9603 | D:9      | Reached skill level 6 in Stealth
  9603 | D:9      | Reached skill level 6 in Shields
  9603 | D:9      | Reached skill level 6 in Unarmed Combat
  9603 | D:9      | Reached skill level 6 in Evocations
  9737 | D:9      | Found a staircase to the Lair.
  9745 | D:9      | Reached skill level 5 in Conjurations
  9745 | D:9      | Reached skill level 5 in Hexes
  9745 | D:9      | Reached skill level 5 in Summonings
  9745 | D:9      | Reached skill level 5 in Necromancy
  9745 | D:9      | Reached skill level 5 in Transmutations
  9745 | D:9      | Reached skill level 5 in Fire Magic
  9745 | D:9      | Reached skill level 5 in Ice Magic
  9745 | D:9      | Reached skill level 5 in Air Magic
  9745 | D:9      | Reached skill level 5 in Earth Magic
  9745 | D:9      | Reached skill level 5 in Poison Magic
  9873 | D:9      | Reached XP level 11. HP: 81/85 MP: 22/22
 10105 | D:9      | Reached skill level 8 in Spellcasting
 10307 | D:10     | Entered Level 10 of the Dungeon
 10307 | D:10     | Noticed a five-headed hydra
 10312 | D:10     | Killed a five-headed hydra
 10668 | D:10     | Reached skill level 7 in Invocations
 10731 | D:10     | Reached skill level 8 in Fighting
 10731 | D:10     | Reached skill level 8 in Maces & Flails
 10731 | D:10     | Reached skill level 7 in Throwing
 10731 | D:10     | Reached skill level 7 in Armour
 10731 | D:10     | Reached skill level 8 in Dodging
 10772 | D:10     | Noticed Erolcha
 11277 | D:10     | Noticed an orange crystal statue
 11313 | D:10     | Noticed Psyche
 11320 | D:10     | Noticed Joseph
 11328 | D:10     | Killed Psyche
 11337 | D:10     | Killed Joseph
 11958 | D:11     | Noticed a manticore
 11967 | D:11     | Killed a manticore
 12176 | D:11     | Noticed a six-headed hydra
 12189 | D:11     | Killed a six-headed hydra
 12190 | D:11     | Reached skill level 8 in Translocations
 12623 | D:11     | Noticed a two-headed ogre
 12638 | D:11     | Killed a two-headed ogre
 12639 | D:11     | Reached skill level 7 in Short Blades
 12639 | D:11     | Reached skill level 7 in Long Blades
 12639 | D:11     | Reached skill level 7 in Axes
 12639 | D:11     | Reached skill level 7 in Polearms
 12639 | D:11     | Reached skill level 7 in Staves
 12639 | D:11     | Reached skill level 7 in Ranged Weapons
 12639 | D:11     | Reached skill level 7 in Stealth
 12639 | D:11     | Reached skill level 7 in Shields
 12639 | D:11     | Reached skill level 7 in Unarmed Combat
 12639 | D:11     | Reached skill level 7 in Evocations
 12909 | Lair:1   | Entered Level 1 of the Lair of Beasts
 12928 | Lair:1   | Reached XP level 12. HP: 92/94 MP: 24/24
 13271 | Lair:1   | Reached skill level 6 in Conjurations
 13271 | Lair:1   | Reached skill level 6 in Hexes
 13271 | Lair:1   | Reached skill level 6 in Summonings
 13271 | Lair:1   | Reached skill level 6 in Necromancy
 13271 | Lair:1   | Reached skill level 6 in Transmutations
 13271 | Lair:1   | Reached skill level 6 in Fire Magic
 13271 | Lair:1   | Reached skill level 6 in Ice Magic
 13271 | Lair:1   | Reached skill level 6 in Air Magic
 13271 | Lair:1   | Reached skill level 6 in Earth Magic
 13271 | Lair:1   | Reached skill level 6 in Poison Magic
 13639 | Lair:1   | Reached skill level 8 in Invocations
 13779 | Lair:1   | Reached skill level 9 in Spellcasting
 13881 | Lair:1   | Found the +3 crown of Dyrovepreva {rElec Int+2 SInv}
 14272 | Lair:1   | Reached skill level 8 in Throwing
 14272 | Lair:1   | Reached skill level 8 in Armour
 14908 | Lair:2   | Reached skill level 9 in Fighting
 14908 | Lair:2   | Reached skill level 9 in Maces & Flails
 14908 | Lair:2   | Reached skill level 9 in Dodging
 15532 | Lair:2   | Noticed a boulder beetle
 15541 | Lair:2   | Found a staircase to the Shoals.
 15783 | Lair:2   | Found a staircase to the Snake Pit.
 15997 | Lair:2   | Killed a boulder beetle
 16273 | Lair:2   | Reached skill level 8 in Short Blades
 16273 | Lair:2   | Reached skill level 8 in Long Blades
 16273 | Lair:2   | Reached skill level 8 in Axes
 16273 | Lair:2   | Reached skill level 8 in Polearms
 16273 | Lair:2   | Reached skill level 8 in Staves
 16273 | Lair:2   | Reached skill level 8 in Ranged Weapons
 16273 | Lair:2   | Reached skill level 8 in Stealth
 16273 | Lair:2   | Reached skill level 8 in Shields
 16273 | Lair:2   | Reached skill level 8 in Unarmed Combat
 16273 | Lair:2   | Reached skill level 8 in Evocations
 16661 | Lair:3   | Found a gate leading to a gauntlet.
 16720 | Gauntlet | Entered a Gauntlet
 16720 | Gauntlet | Found a transporter.
 16720 | Gauntlet | Found a transporter.
 16720 | Gauntlet | Found a transporter.
 16733 | Gauntlet | Found a transporter.
 16735 | Gauntlet | Found a transporter.
 16741 | Gauntlet | Found a transporter.
 16745 | Gauntlet | Found a transporter.
 16752 | Gauntlet | Found a transporter.
 16770 | Gauntlet | Found a transporter.
 16770 | Gauntlet | Noticed a hell beast
 16787 | Gauntlet | Found a transporter.
 16790 | Gauntlet | Found a transporter.
 16800 | Gauntlet | Found a transporter.
 16903 | Lair:3   | Reached XP level 13. HP: 54/101 MP: 13/26
 17221 | Lair:3   | Reached skill level 9 in Invocations
 17740 | Lair:3   | Identified the +1 robe of Inference {Int+9 Dex-5}
 17826 | Lair:3   | Reached skill level 7 in Conjurations
 17826 | Lair:3   | Reached skill level 7 in Hexes
 17826 | Lair:3   | Reached skill level 7 in Summonings
 17826 | Lair:3   | Reached skill level 7 in Necromancy
 17826 | Lair:3   | Reached skill level 9 in Translocations
 17826 | Lair:3   | Reached skill level 7 in Transmutations
 17826 | Lair:3   | Reached skill level 7 in Fire Magic
 17826 | Lair:3   | Reached skill level 7 in Ice Magic
 17826 | Lair:3   | Reached skill level 7 in Air Magic
 17826 | Lair:3   | Reached skill level 7 in Earth Magic
 17826 | Lair:3   | Reached skill level 7 in Poison Magic
 18253 | Lair:3   | Learned a level 3 spell: Stone Arrow
 18257 | Lair:3   | Learned a level 3 spell: Gell's Gravitas
 18261 | Lair:3   | Learned a level 3 spell: Teleport Other
 18265 | Lair:3   | Learned a level 3 spell: Ozocubu's Armour
 18309 | Lair:4   | Found a hide-covered altar of Uskayaw.
 18352 | Lair:4   | Found an ornate altar of the Wu Jian Council.
 18856 | Lair:4   | Found a viscous altar of Jiyva.
 18858 | Lair:4   | Found a staircase to the Slime Pits.
 19163 | Lair:4   | Reached skill level 9 in Throwing
 19163 | Lair:4   | Reached skill level 9 in Armour
 19358 | Lair:5   | Entered Level 5 of the Lair of Beasts
 19389 | Lair:5   | Reached skill level 10 in Spellcasting
 20195 | Lair:4   | HP: 10/103 [catoblepas (20)]
 20719 | Lair:5   | Reached skill level 10 in Fighting
 20719 | Lair:5   | Reached skill level 10 in Maces & Flails
 20719 | Lair:5   | Reached skill level 10 in Dodging
 21441 | Lair:4   | Reached skill level 9 in Short Blades
 21441 | Lair:4   | Reached skill level 9 in Long Blades
 21441 | Lair:4   | Reached skill level 9 in Axes
 21441 | Lair:4   | Reached skill level 9 in Polearms
 21441 | Lair:4   | Reached skill level 9 in Staves
 21441 | Lair:4   | Reached skill level 9 in Ranged Weapons
 21441 | Lair:4   | Reached skill level 9 in Stealth
 21441 | Lair:4   | Reached skill level 9 in Shields
 21441 | Lair:4   | Reached skill level 9 in Unarmed Combat
 21441 | Lair:4   | Reached skill level 9 in Evocations
 21807 | Lair:5   | Noticed a dire elephant
 21841 | Lair:5   | Killed a dire elephant
 21850 | Lair:5   | Reached XP level 14. HP: 72/110 MP: 28/28
 21867 | Lair:5   | Reached skill level 10 in Invocations
 23218 | Lair:5   | Identified 2 potions of resistance
 23401 | D:12     | Learned a level 4 spell: Passage of Golubria
 23422 | D:12     | Noticed Rupert
 23515 | D:11     | HP: 2/111 [Rupert/+0 great mace of holy wrath (33)]
 23530 | D:11     | Killed Rupert
 23531 | D:11     | Reached skill level 10 in Throwing
 23531 | D:11     | Reached skill level 10 in Armour
 23531 | D:11     | Reached skill level 8 in Conjurations
 23531 | D:11     | Reached skill level 8 in Hexes
 23531 | D:11     | Reached skill level 8 in Summonings
 23531 | D:11     | Reached skill level 8 in Necromancy
 23531 | D:11     | Reached skill level 8 in Transmutations
 23531 | D:11     | Reached skill level 8 in Fire Magic
 23531 | D:11     | Reached skill level 8 in Ice Magic
 23531 | D:11     | Reached skill level 8 in Air Magic
 23531 | D:11     | Reached skill level 8 in Earth Magic
 23531 | D:11     | Reached skill level 8 in Poison Magic
 24095 | D:12     | Noticed Josephine
 24117 | D:12     | Killed Josephine
 24481 | D:12     | Reached skill level 11 in Spellcasting
 24631 | D:12     | Found a staircase to the Orcish Mines.
 24716 | D:12     | Noticed Lodul
 24743 | D:12     | Killed Lodul
 25665 | D:13     | Noticed Sonja
 25673 | D:13     | Reached skill level 10 in Translocations
 25689 | D:13     | Killed Sonja
 26016 | D:13     | Reached skill level 11 in Fighting
 26016 | D:13     | Reached skill level 10 in Short Blades
 26016 | D:13     | Reached skill level 10 in Long Blades
 26016 | D:13     | Reached skill level 10 in Axes
 26016 | D:13     | Reached skill level 11 in Maces & Flails
 26016 | D:13     | Reached skill level 10 in Polearms
 26016 | D:13     | Reached skill level 10 in Staves
 26016 | D:13     | Reached skill level 10 in Ranged Weapons
 26016 | D:13     | Reached skill level 11 in Dodging
 26016 | D:13     | Reached skill level 10 in Stealth
 26016 | D:13     | Reached skill level 10 in Shields
 26016 | D:13     | Reached skill level 10 in Unarmed Combat
 26016 | D:13     | Reached skill level 10 in Evocations
 26656 | D:14     | Reached XP level 15. HP: 118/118 MP: 20/30
 26783 | D:14     | Reached skill level 11 in Invocations
 28992 | D:14     | Found a gate to the Vaults.
 29180 | D:15     | Entered Level 15 of the Dungeon
 29312 | Orc:1    | Entered Level 1 of the Orcish Mines
 29312 | Orc:1    | Found Weeblih's Armour Emporium.
 29482 | Orc:1    | Paralysed by an orc sorcerer for 4 turns
 29670 | Orc:1    | Noticed Gastronok
 30206 | Orc:1    | Bought the +5 ring mail of Amorality {rF+ rC+ Will+ Stlth+}
                  | for 642 gold pieces
 30390 | Orc:1    | Killed Gastronok
 30492 | Orc:2    | Entered Level 2 of the Orcish Mines
 30497 | Orc:2    | Noticed Jorgrun
 30664 | Orc:1    | Learned a level 5 spell: Manifold Assault
 30665 | Orc:2    | Noticed an orc warlord
 30695 | Orc:1    | Killed from afar by Jorgrun

Vanquished Creatures
  Rupert (D:11)
  Gastronok (Orc:1)
  A dire elephant (Lair:5)
  Josephine (D:12)
  9 hydras
  7 vault guards (D:14)
  4 boulder beetles
  4 catoblepae
  5 two-headed ogres
  9 death yaks
  7 slime creatures
  Sonja (D:13)
  Lodul (D:12)
  Amaemon (D:9)
  2 skeletal warriors
  A lindwurm (Lair:5)
  4 ugly things
  3 cyclopes
  A deep elf pyromancer (D:13)
  An orc sorcerer (Orc:1)
  3 manticores
  4 black mambas
  9 elephants
  An unseen horror (D:13)
  A gargoyle (D:11)
  An orange demon (D:9)
  12 cane toads
  Maggie (D:7)
  5 rime drakes
  4 komodo dragons
  A freezing wraith (D:14)
  4 trolls
  2 polar bears (Lair:2)
  16 blink frogs
  2 hornets (D:9)
  2 dream sheep (Lair:5)
  Sigmund (D:6)
  3 shadows
  8 wyverns
  8 wraiths
  2 vampires (D:14)
  35 yaks
  4 humans (D:14)
  3 basilisks
  3 vampire mosquitoes (D:14)
  A warg (Orc:1)
  4 nagas (Lair:2)
  An acid dragon (D:11)
  17 water moccasins
  3 orc warriors
  An ice beast (D:6)
  4 boggarts (D:14)
  2 sky beasts
  4 centaurs
  13 ogres
  14 wolves
  A phantom (D:5)
  13 bullfrogs
  2 necrophages
  2 gnoll sergeants
  A scorpion (D:4)
  14 wights
  6 killer bees (D:7)
  2 electric eels (Lair:4)
  3 howler monkeys
  2 lava snakes (D:10)
  3 hounds
  An orc priest (D:10)
  A gnoll bouda (D:8)
  3 iguanas
  5 orc wizards
  20 gnolls
  5 adders
  A white imp (D:5)
  An ufetubus (D:4)
  A worm (D:5)
  2 dart slugs
  14 orcs
  5 bats
  4 endoplasms
  12 giant cockroaches
  6 goblins
  6 hobgoblins
  7 quokkas
  9 ball pythons
  9 frilled lizards
  9 kobolds
  12 rats
445 creatures vanquished.

Vanquished Creatures (collateral kills)
  A two-headed ogre (D:8)
  A skeletal warrior (D:11)
  Joseph (D:10)
  A black bear (D:4)
  A lava snake (D:10)
5 creatures vanquished.

Vanquished Creatures (others)
  A vault guard (D:14)
  Psyche (D:10)
  A gnoll (D:5)
  21 demonic plants (Gauntlet)
  26 fungi
  17 plants
  4 toadstools (D:4)
71 creatures vanquished.

Grand Total: 521 creatures vanquished

Table legend: (Time is in decaauts)
 A = Elapsed time spent in this place.
 B = Non-inter-level travel time spent in this place.
 C = Inter-level travel time spent in this place.
 D = Time resting spent in this place.
 E = Time spent auto-exploring this place.
 F = Levels seen in this place.
 G = Mean time per level.
                   A        B        C        D        E       F      G
               +--------+--------+--------+--------+--------+-----+--------+
         Total |  30553 |  29440 |   1113 |   8722 |  14898 |  25 | 1222.1 |
       Dungeon |  19089 |  18414 |    675 |   4724 |  10394 |  15 | 1272.6 |
        Temple |     45 |     31 |     14 |      0 |      5 |   1 |   45.0 |
          Lair |   9931 |   9522 |    409 |   3695 |   3823 |   5 | 1986.2 |
  Orcish Mines |    875 |    861 |     14 |    232 |    446 |   2 |  437.5 |
         Sewer |    460 |    460 |      0 |     70 |    115 |   1 |  460.0 |
      Gauntlet |    149 |    149 |      0 |      0 |    114 |   1 |  149.0 |
               +--------+--------+--------+--------+--------+-----+--------+

Top non-repeatable levels by time:
    D:14: 2488 daAuts
  Lair:5: 2365 daAuts
  Lair:4: 2175 daAuts
  Lair:1: 1947 daAuts
    D:12: 1851 daAuts
  Lair:2: 1820 daAuts
  Lair:3: 1622 daAuts
     D:4: 1585 daAuts
     D:7: 1477 daAuts
    D:11: 1450 daAuts
    D:10: 1448 daAuts
    D:13: 1415 daAuts
     D:9: 1414 daAuts
     D:6: 1254 daAuts
     D:1: 1040 daAuts

Table legend:
 A = Non-vault XP
 B = Vault XP
 C = Vault XP percentage of total XP
 D = Non-vault monster count
 E = Vault monster count
 F = Vault count percentage of total count
                 A         B        C        D         E       F
            +---------+---------+-------+---------+---------+-------
      Total |   72478 |   30745 |  29.8 |     340 |     111 |  24.6
            +---------+---------+-------+---------+---------+-------
        D:1 |      39 |       3 |   7.1 |      25 |       2 |   7.4
        D:2 |      40 |       0 |   0.0 |      15 |       0 |   0.0
        D:3 |      16 |      12 |  42.9 |       3 |       8 |  72.7
        D:4 |     479 |       8 |   1.6 |      15 |       1 |   6.2
        D:5 |     710 |     133 |  15.8 |      15 |       5 |  25.0
        D:6 |     439 |     231 |  34.5 |      10 |       1 |   9.1
        D:7 |    1951 |     401 |  17.0 |      26 |       3 |  10.3
        D:8 |    1961 |       0 |   0.0 |      20 |       0 |   0.0
        D:9 |    1999 |    1435 |  41.8 |      16 |       3 |  15.8
       D:10 |    3161 |     726 |  18.7 |      14 |       5 |  26.3
       D:11 |    5506 |    1753 |  24.1 |      13 |       1 |   7.1
       D:12 |    5454 |    3784 |  41.0 |      13 |      16 |  55.2
       D:13 |    4811 |     769 |  13.8 |       8 |       1 |  11.1
       D:14 |    8516 |    6885 |  44.7 |      22 |      11 |  33.3
       D:15 |     176 |       0 |   0.0 |       1 |       0 |   0.0
     Lair:1 |    5479 |       0 |   0.0 |      24 |       0 |   0.0
     Lair:2 |    6154 |    1576 |  20.4 |      24 |       7 |  22.6
     Lair:3 |    5704 |       0 |   0.0 |      20 |       0 |   0.0
     Lair:4 |    3452 |    3561 |  50.8 |      14 |       6 |  30.0
     Lair:5 |   13876 |    7833 |  36.1 |      30 |      17 |  36.2
      Orc:1 |    2549 |    1502 |  37.1 |      10 |       1 |   9.1
      Orc:2 |       6 |       0 |   0.0 |       2 |       0 |   0.0
      Sewer |       0 |     133 | 100.0 |       0 |      23 | 100.0
            +---------+---------+-------+---------+---------+-------
